 Dungeon Crawl Stone Soup version 0.27-a0-59-gfbafd837a3 (webtiles) character file.

Game seed: 11892090903537489555

17 Borgoz the Skirmisher (level 2, 0/26 HPs)
             Began as a Ghoul Abyssal Knight on Jan 8, 2021.
             Was a Follower of Lugonu.
             Slain by a goblin
             ... wielding a +0 club
              (2 damage)
             ... on level 1 of the Dungeon.
             The game lasted 00:00:50 (544 turns).

Borgoz the Skirmisher (Ghoul Abyssal Knight)         Turns: 544, Time: 00:00:51

Health: 0/26       AC:  3    Str: 15    XL:     2   Next: 62%
Magic:  2/2        EV: 11    Int: 12    God:    Lugonu [*.....]
Gold:   34         SH:  0    Dex:  8    Spells: 1/1 levels left

rFire    . . .     SeeInvis .   c - +2 lajatang "Tacet" {vorpal, Int+5}
rCold    + . .     Faith    .   (shield currently unavailable)
rNeg     + + +     Spirit   .   a - +0 leather armour
rPois    ∞         Reflect  .   (no helmet)
rElec    .         Harm     .   (no cloak)
rCorr    .         Rampage  .   (no gloves)
Will     .....                  (no boots)
Stlth    +.........             (no amulet)
HPRegen  0.00/turn              (no ring)
MPRegen  0.08/turn              (no ring)

@: flying
A: claws 1, cold resistance 1, negative energy resistance 3, inhibited
regeneration, torment resistance, unbreathing
a: Renounce Religion, Depart the Abyss


You were on level 1 of the Dungeon.
You worshipped Lugonu.
Lugonu was aware of your devotion.
You visited 1 branch of the dungeon, and saw 1 of its levels.
You visited the Abyss 1 time.

You collected 34 gold pieces.

Inventory:

Hand Weapons
 c - the +2 lajatang "Tacet" (weapon) {vorpal, Int+5}
   (You found it on level 2 of the Abyss)

   It inflicts extra damage upon your enemies.
   It affects your intelligence (+5).
Armour
 a - a +0 leather armour (worn)
Scrolls
 b - a scroll of amnesia {unknown}
 d - 2 scrolls of identify {unknown}
 e - a scroll of immolation {unknown}
 f - a scroll of blinking {unknown}


   Skills:
 + Level 3.5 Fighting
 + Level 2.0 Armour
 * Level 1.5 Dodging
 + Level 2.4 Unarmed Combat
 - Level 2.0 Invocations


You had one spell level left.
You didn't know any spells.
Your spell library was empty.

Dungeon Overview and Level Annotations

Branches:
Dungeon (1/15)

Altars:


Innate Abilities, Weirdness & Mutations

You thrive by killing the living.
You are immune to poison.
You have sharp fingernails.
Your flesh is cold resistant. (rC+)
You are immune to negative energy. (rN+++)
You do not regenerate when monsters are visible.
You are immune to unholy pain and torment.
You can survive without breathing.


Message History

You hit the frilled lizard.
You kill the frilled lizard!
Lugonu accepts your kill. The goblin hits you with a +0 club.
You closely miss the goblin. The goblin hits you with a +0 club.
You barely miss the goblin. The goblin hits you but does no damage.
You barely miss the goblin. The goblin hits you with a +0 club.
* * * LOW HITPOINT WARNING * * *
The goblin hits you but does no damage.
You closely miss the goblin. The goblin barely misses you.
You barely miss the goblin. The goblin hits you with a +0 club.
* * * LOW HITPOINT WARNING * * *
You barely miss the goblin. The goblin hits you but does no damage.
The goblin hits you with a +0 club.
* * * LOW HITPOINT WARNING * * *
It was a potion of flight.
You feel very buoyant.
You fly up into the air.
You closely miss the goblin. The goblin hits you with a +0 club.
You die...

#..........
#..........
#..........
#..........
..!....... ....!
......... .....?
#.#####........
......#
.>"....@†......
......
#######g.......
##.... #........
##..≈≈≈
##########?.......
##..≈≈..
..........#.......
#..≈≈...
#...........#.......
#.≈≈..8.
............#.......
#.≈..♣..
#...........#.......
#.≈.....
#...........#.......
#.≈≈....


You could see a goblin.

Vanquished Creatures
  A dart slug (D:1)
  A giant cockroach (D:1)
  4 hobgoblins (D:1)
  2 frilled lizards (D:1)
  3 goblins (D:1)
  2 kobolds (D:1)
  A rat (D:1)
14 creatures vanquished.

Notes
Turn   | Place    | Note
-------+----------+-------------------------------------------
     0 | Abyss:1  | Borgoz the Ghoul Abyssal Knight began the quest for the
                  | Orb.
     0 | Abyss:1  | Reached XP level 1. HP: 19/19 MP: 1/1
    46 | Abyss:2  | Noticed a small abomination
    55 | Abyss:2  | Got a pitted lajatang
    56 | D:1      | Escaped the Abyss
   214 | D:1      | Identified the +2 lajatang "Tacet" {vorpal, Int+5} (You
                  | found it on level 2 of the Abyss)
   237 | D:1      | Reached skill level 1 in Dodging
   359 | D:1      | Reached * piety under Lugonu
   360 | D:1      | Reached XP level 2. HP: 25/26 MP: 2/2
   544 | D:1      | Slain by a goblin

Illustrated notes

Levels and vault maps discovered:
D:1:      moated_graveyard_arrival, layout_basic, grunt_decor_resistance

Skill      XL: |  1  2 |
---------------+-------+-----
Dodging        | 1 |  1.5
Armour         | 2 |  2.0
Fighting       | |  3.5
Unarmed Combat | |  2.4
Invocations    | |  2.0

Action                   || total
-------------------------++-------
Melee: Lajatang          ||    43
Invok: Depart the Abyss  ||     1
  Use: Potion            ||     1
Armor: Leather armour    ||    16
Dodge: Dodged            ||    27

Table legend: (Time is in decaauts)
 A = Elapsed time spent in this place.
 B = Non-inter-level travel time spent in this place.
 C = Inter-level travel time spent in this place.
 D = Time resting spent in this place.
 E = Time spent auto-exploring this place.
 F = Levels seen in this place.
 G = Mean time per level.
                   A        B        C        D        E       F      G
               +--------+--------+--------+--------+--------+-----+--------+
         Total |    559 |    559 |      0 |    105 |    337 |   3 |  186.3 |
       Dungeon |    504 |    504 |      0 |    105 |    312 |   1 |  504.0 |
         Abyss |     55 |     55 |      0 |      0 |     25 |   2 |   27.5 |
               +--------+--------+--------+--------+--------+-----+--------+

Top non-repeatable levels by time:
     D:1: 504 daAuts
 Abyss:1: 35 daAuts
 Abyss:2: 20 daAuts
